 Dungeon Crawl Stone Soup version 0.32-a0-433-g08bcfe7efd (webtiles) character file.

Game seed: 2542929861882362041

12882 Dittersdorf the Fighter (level 12, -2/80 HPs)
             Began as a Gargoyle Fighter on Feb 22, 2024.
             Was an Initiate of Gozag.
             Slain by a boulder beetle (16 damage)
             ... on level 11 of the Dungeon.
             The game lasted 00:15:30 (11525 turns).

Dittersdorf the Fighter (Gargoyle Fighter)         Turns: 11525, Time: 00:15:31

Health: -2/80      AC: 29    Str: 24    XL:     12   Next: 0%
Magic:  12/12      EV:  8    Int: 10    God:    Gozag
Gold:   1932       SH: 11    Dex:  9    Spells: 11/11 levels left

rFire   + . .        a - +1 flail (spect)
rCold   . . .        c - +0 buckler
rNeg    + . .        o - +1 chain mail {rF+}
rPois   ∞            (no helmet)
rElec   +            H - +2 cloak
rCorr   .            x - +1 pair of gloves
SInv    +            B - +0 pair of boots
Will    .....        s - amulet of reflection Stlth
                     l - +4 ring of slaying
HPRegen 0.33/turn    e - ring "Tedia" {Wiz rElec SInv}
MPRegen 0.13/turn

%: reflection, wizardry (x1)
@: gold aura, studying Maces & Flails
A: sickness immunity, AC +8, negative energy resistance 1, electricity
resistance, torment resistance 1, petrification resistance
a: Renounce Religion, Potion Petition, Call Merchant, Bribe Branch


You were on level 11 of the Dungeon.
You worshipped Gozag.
Gozag was most pleased with you.
You visited 1 branch of the dungeon, and saw 11 of its levels.
You also visited: Bailey.

You collected 2096 gold pieces.
You spent 130 gold pieces at shops.
You paid 34 gold pieces to Gozag.

Inventory:

Hand Weapons
 a - a +1 spectral flail (weapon)
Armour
 c - a +0 buckler (worn)
 h - a +2 scale mail of cold resistance
 o - a +1 chain mail of fire resistance (worn)
 x - a +1 pair of gloves (worn)
 B - a +0 pair of boots (worn)
 H - a +2 cloak (worn)
Jewellery
 e - the ring "Tedia" (right hand) {Wiz rElec SInv}
   (You acquired it on level 6 of the Dungeon)

   [ring of wizardry]

   Wiz:       It improves your spell success rate.
   rElec:     It insulates you from electricity.
   SInv:      It lets you see invisible.
 g - a ring of resist corrosion
 l - a +4 ring of slaying (left hand)
 s - an amulet of reflection (around neck)
 C - a ring of protection from cold
 I - a ring of positive energy
 K - a +5 ring of evasion
 L - a ring of flight
Wands
 d - a wand of iceblast (24)
 t - a wand of mindburst (1) (quivered)
 u - a wand of flame (27)
 y - a wand of quicksilver (9)
 A - a wand of polymorph (3)
Scrolls
 b - 4 scrolls of enchant armour
 i - 3 scrolls of fear
 j - 3 scrolls of brand weapon
 n - 2 scrolls of teleportation
 r - a scroll of silence
 w - 2 scrolls of blinking
Potions
 f - 2 potions of haste
 k - 4 potions of heal wounds
 m - 4 potions of mutation
 p - 2 potions of curing
 q - 3 potions of ambrosia
 v - a potion of berserk rage
 z - 3 potions of enlightenment
 D - a potion of attraction {unknown}
 E - a potion of brilliance {unknown}
 F - a potion of resistance {unknown}
 G - a potion of invisibility {unknown}
 J - a potion of cancellation {unknown}


   Skills:
 + Level 11.0 Fighting
 + Level 10.4 Maces & Flails
 + Level 10.9 Armour
 + Level 10.9 Shields


You had 11 spell levels left.
You didn't know any spells.
Your spell library contained the following spells:

 Spells                   Type           Power      Damage    Failure   Level
 Tukima's Dance           Hex            0%         N/A       88%         3
 Anguish                  Hex/Necr       0%         N/A       99%         4
 Cause Fear               Hex            0%         N/A       99%         4
 Dimensional Bullseye     Hex/Tloc       0%         N/A       99%         4
 Dispel Undead            Necr           0%         3d6       99%         4
 Iskenderun's Mystic Bla  Conj/Tloc      0%         2d3       99%         4
 Martyr's Knell           Necr/Summ      0%         N/A       99%         4
 Death Channel            Necr           0%         N/A       100%        6
 Enfeeble                 Hex            0%         N/A       100%        7
 Cigotuvi's Dreadful Rot  Necr/Alch/Air  Unusable   N/A       N/A         2

Dungeon Overview and Level Annotations

Branches:
Dungeon (11/15)            Temple (0/1) D:7          Bailey (visited)
   Lair: D:8-11         Orc: D:9-12

Altars:
Cheibriados
Gozag
Makhleb
Nemelex Xobeh
Qazlal
Ru
Sif Muna
Vehumet
Wu Jian

Shops:
D:2 *   D:6 !


Innate Abilities, Weirdness & Mutations

You are immune to sickness and miasma.
Your stone body is resilient. (AC +8)
You are immune to poison.
You resist negative energy. (rN+)
You are resistant to electric shocks. (rElec)
You are resistant to unholy torment.
You are immune to petrification.


Message History

You are too injured to fight recklessly!
You are too injured to fight recklessly!
You are too injured to fight recklessly!
You are too injured to fight recklessly!
You barely miss the komodo dragon.
The komodo dragon hisses angrily.
The komodo dragon is heavily wounded.
Your +1 spectral flail hits the komodo dragon!
The komodo dragon misses your +1 spectral flail.
You hit the komodo dragon.
The komodo dragon is almost dead.
Your +1 spectral flail hits the komodo dragon but does no damage.
You block the komodo dragon's attack.
You sock the komodo dragon!
You kill the komodo dragon!
Your +1 spectral flail disappears.
Your Fighting skill increases to level 11!
You have reached level 12!
You feel clever.
You sock the boulder beetle!
The boulder beetle is heavily wounded.
Your +1 spectral flail hits the boulder beetle but does no damage.
The boulder beetle is distracted by your dazzling golden aura.
You hit the boulder beetle but do no damage.
The boulder beetle is no longer distracted by gold.
The boulder beetle is heavily wounded.
Your +1 spectral flail hits the boulder beetle but does no damage.
The boulder beetle hits you!
* * * LOW HITPOINT WARNING * * *
The boulder beetle stops rolling and uncurls.
You hit the boulder beetle but do no damage.
The boulder beetle is heavily wounded.
Your +1 spectral flail hits the boulder beetle but does no damage.
You block the boulder beetle's attack.
You hit the boulder beetle but do no damage.
The boulder beetle is moderately wounded.
Your +1 spectral flail hits the boulder beetle.
The boulder beetle bites you!
You die...
Your body crumbles into a pile of gold.

#................
#................
#.........°○.....
#..........l°°...
#........######.#
#........# #........#
#.....>(B# #.######@# #.#
#.# #.# #........ #.#
#.####### #.# #.# #.# #.#
#.######.#
#....)...################
#.######.................


You could see a boulder beetle and a friendly +1 spectral flail.

Vanquished Creatures
  4 two-headed ogres
  An orc high priest (Bailey)
  Pikel (D:8)
  An orc sorcerer (Bailey)
  3 kobold demonologists (D:11)
  A komodo dragon (D:11)
  4 trolls
  2 shadows
  A wraith (D:10)
  6 yaks
  Grum (D:10)
  2 steam dragons (D:9)
  An acid dragon (D:11)
  A water moccasin (D:6)
  An ice beast (D:6)
  18 orc warriors
  A sky beast (D:8)
  An ogre (D:6)
  3 black bears
  4 wolves (D:10)
  3 centaurs
  3 lemures (D:8)
  5 kobold brigands
  Blork the orc (D:5)
  4 bullfrogs
  A gnoll sergeant (D:9)
  3 scorpions
  A water moccasin zombie (D:6)
  3 wights (D:6)
  4 howler monkeys
  4 electric eels (Bailey)
  A bombardier beetle (D:4)
  4 centaur zombies (D:6)
  3 hounds
  Crazy Yiuf (D:5)
  3 bullfrog zombies (D:6)
  A bullfrog skeleton (D:6)
  2 orc priests (D:7)
  A gnoll bouda (D:7)
  A centaur skeleton (D:6)
  3 sleepcaps
  Terence (D:2)
  2 iguanas
  Ijyb (D:5)
  3 orc wizards
  24 gnolls
  6 adders
  A howler monkey skeleton (D:6)
  A white imp (D:6)
  A dart slug (D:1)
  4 ribbon worms
  21 orcs
  7 ball pythons
  9 endoplasms
  20 goblins
  11 hobgoblins
  7 jackals
  5 quokkas
  4 bats
  3 frilled lizards
  23 kobolds
  3 rats
266 creatures vanquished.

Vanquished Creatures (others)
  3 spectral weapons
3 creatures vanquished.

Grand Total: 269 creatures vanquished

Notes
Turn   | Place    | Note
-------+----------+-------------------------------------------
     0 | D:1      | Dittersdorf the Gargoyle Fighter began the quest for the
                  | Orb.
     0 | D:1      | Reached XP level 1. HP: 14/14 MP: 1/1
    60 | D:1      | Reached XP level 2. HP: 2/19 MP: 2/2
   247 | D:1      | Reached XP level 3. HP: 22/23 MP: 3/3
   560 | D:1      | Found a faded altar of an unknown god.
   695 | D:2      | Found a snail-covered altar of Cheibriados.
   731 | D:2      | Noticed Terence
   741 | D:2      | Killed Terence
   742 | D:2      | Reached XP level 4. HP: 18/29 MP: 4/4
   828 | D:2      | Reached skill level 4 in Fighting
  1248 | D:2      | Found Zuumiuca's Assorted Antiques.
  1418 | D:2      | Reached XP level 5. HP: 33/33 MP: 5/5
  1539 | D:2      | Identified the +7 sling of Louzum {elec, Will+ Int+3}
  1717 | D:3      | Found an opulent altar of Gozag.
  1725 | D:3      | Became a worshipper of Gozag Ym Sagoz the Greedy
  1797 | D:3      | Found an ornate altar of the Wu Jian Council.
  1904 | D:3      | You fall into a shaft and drop 2 floors!
  1904 | D:5      | Entered Level 5 of the Dungeon
  2131 | D:5      | Noticed Blork the orc
  2142 | D:5      | Killed Blork the orc
  2143 | D:5      | Reached XP level 6. HP: 27/39 MP: 6/6
  2198 | D:5      | Noticed Ijyb
  2225 | D:5      | Killed Ijyb
  3032 | D:4      | Found a snail-covered altar of Cheibriados.
  3344 | D:4      | Reached skill level 5 in Fighting
  3348 | D:4      | Reached skill level 5 in Shields
  3621 | D:4      | Reached skill level 5 in Armour
  3621 | D:4      | Reached XP level 7. HP: 29/44 MP: 7/7
  4447 | D:5      | Found a runed translucent door.
  4448 | D:5      | Noticed Crazy Yiuf
  4522 | D:5      | Killed Crazy Yiuf
  4774 | D:6      | Identified a scroll of acquirement
  4774 | D:6      | Acquired the ring "Tedia" {Wiz rElec SInv}
  4836 | D:6      | Reached XP level 8. HP: 32/51 MP: 8/8
  4992 | D:6      | Found a shimmering blue altar of Sif Muna.
  5041 | D:6      | Reached skill level 6 in Fighting
  5067 | D:6      | Reached skill level 5 in Maces & Flails
  5124 | D:6      | Found Jisky's Distillery.
  5149 | D:6      | Bought a potion of heal wounds for 65 gold pieces
  5149 | D:6      | Bought a potion of heal wounds for 65 gold pieces
  5489 | D:6      | Found Turambar's Dragon-Slaying Spoils.
  5711 | D:6      | Reached skill level 7 in Fighting
  5711 | D:6      | Reached XP level 9. HP: 54/57 MP: 9/9
  6355 | D:7      | Found a radiant altar of Vehumet.
  6423 | D:7      | Found a staircase to the Ecumenical Temple.
  6903 | D:8      | Reached skill level 8 in Fighting
  6936 | D:7      | Reached XP level 10. HP: 18/65 MP: 10/10
  7181 | D:8      | Noticed Pikel
  7223 | D:8      | Killed Pikel
  7265 | D:8      | Found a burning altar of Makhleb.
  7361 | D:8      | Noticed a two-headed ogre
  7371 | D:8      | Killed a two-headed ogre
  7372 | D:8      | Reached skill level 9 in Fighting
  8124 | D:9      | Noticed a two-headed ogre
  8130 | D:9      | Killed a two-headed ogre
  8560 | D:10     | Entered Level 10 of the Dungeon
  8574 | D:10     | Reached XP level 11. HP: 72/72 MP: 11/11
  8590 | D:10     | Found a sacrificial altar of Ru.
  8861 | D:10     | Found a sparkling altar of Nemelex Xobeh.
  8866 | D:10     | Noticed Grum
  8899 | D:10     | Killed Grum
  8900 | D:10     | Reached skill level 10 in Fighting
  8999 | D:10     | Found a flagged portal.
  9021 | Bailey   | Entered a bailey
  9186 | Bailey   | Reached skill level 10 in Shields
  9374 | Bailey   | Reached skill level 10 in Armour
  9379 | Bailey   | Noticed an orc sorcerer
  9381 | Bailey   | Noticed a sixfirhy
  9411 | Bailey   | Paralysed by an orc sorcerer for 5 turns
  9422 | Bailey   | Paralysed by an orc sorcerer for 4 turns
  9426 | Bailey   | Killed an orc sorcerer
  9695 | Bailey   | Acquired a manual of Maces & Flails
 10146 | Bailey   | Found an iron altar of Okawaru.
 10146 | Bailey   | Noticed an orc high priest
 10149 | Bailey   | Noticed a sixfirhy
 10151 | Bailey   | Noticed a soul eater
 10344 | Bailey   | Killed an orc high priest
 10419 | Bailey   | Identified the +1 great mace of Goyqu {flame, rF+ rC+
                  | Dex+3}
 10557 | D:10     | Found a stormy altar of Qazlal.
 10802 | D:11     | Noticed a two-headed ogre
 10809 | D:11     | Killed a two-headed ogre
 11019 | D:11     | Reached skill level 10 in Maces & Flails
 11040 | D:11     | Noticed a sixfirhy
 11488 | D:11     | Noticed a boulder beetle
 11489 | D:11     | Noticed a two-headed ogre
 11515 | D:11     | Killed a two-headed ogre
 11522 | D:11     | Reached skill level 11 in Fighting
 11522 | D:11     | Reached XP level 12. HP: 27/80 MP: 12/12
 11525 | D:11     | Slain by a boulder beetle

Illustrated notes

Levels and vault maps discovered:
D:1:      mrwooster_arrival_statue_3, layout_rooms, serial_rivers,
          chequers_serial_rivers_small_3, chequers_serial_rivers_small_a,
          chequers_serial_rivers_large_a, chequers_serial_rivers_micro_e,
          dreamdust_ecumenical_altar_angels_and_demons
D:2:      layout_basic, serial_shops, shop, basic_altar, uniq_terence
D:3:      layout_loops_cross, grunt_gozag_breadcrumbs,
          pdpol_wu_jian_five_deadly_venoms
D:4:      layout_loops_ring, slow_altar_2
D:5:      layout_cave_pools, grunt_ministairs_10, uniq_ijyb,
          uniq_crazy_yiuf_cottage, uniq_blork_the_orc
D:6:      layout_basic, mainiacjoe_overflow_concentric_impassable,
          serial_undead, serial_undead_a, serial_undead_e, serial_undead_a,
          serial_undead_d, chequers_garden, minmay_shop_grid_forest,
          nicolae_shop_dragon_depot
D:7:      layout_loops_ring, general_overflow_altar, minmay_temple_entry_waves
D:8:      layout_rooms, overflow_temple_1_default, uniq_pikel
D:9:      layout_cave_pods
D:10:     layout_big_octagon, mainiacjoe_overflow_brackets,
          nicolae_qazlal_scattered_showers, mainiacjoe_overflow_alcove_2,
          enter_bailey_4, uniq_grum
D:11:     layout_small_grid, david_lair_shrubbed

Skill      XL: |  1  2  3  4  5  6  7  8  9 10 11 |
---------------+----------------------------------+-----
Fighting       | 4 5 7 8 9 11 | 11.0
Armour         | 4 5 6 8 9 10 | 10.9
Shields        | 4 5 6 8 9 10 | 10.9
Maces & Flails | 3 4 5 7 8 10 | 10.4

Action                     |  1- 3 |  4- 6 |  7- 9 | 10-12 || total
---------------------------+-------+-------+-------+-------++-------
  Melee: Flail             |    93 |   224 |   340 |   464 ||  1121
  Evoke: Wand              |       |       |     1 |    11 ||    12
    Use: Potion            |       |     1 |       |     1 ||     2
         Scroll            |       |       |    20 |     6 ||    26
   Stab: Distracted        |       |       |     1 |     3 ||     4
 Armour: Scale mail        |    88 |   118 |    95 |   253 ||   554
         Chain mail        |       |    44 |   177 |    63 ||   284
  Dodge: Dodged            |    61 |    91 |   157 |   123 ||   432
  Block: Buckler           |    26 |    47 |    77 |   229 ||   379
         Reflection        |       |       |       |     7 ||     7

Table legend: (Time is in decaauts)
 A = Elapsed time spent in this place.
 B = Non-inter-level travel time spent in this place.
 C = Inter-level travel time spent in this place.
 D = Time resting spent in this place.
 E = Time spent auto-exploring this place.
 F = Levels seen in this place.
 G = Mean time per level.
                   A        B        C        D        E       F      G
               +--------+--------+--------+--------+--------+-----+--------+
         Total |  11672 |  11208 |    464 |   2156 |   6060 |  12 |  972.7 |
       Dungeon |  10271 |   9807 |    464 |   1469 |   6040 |  11 |  933.7 |
        Bailey |   1401 |   1401 |      0 |    687 |     20 |   1 | 1401.0 |
               +--------+--------+--------+--------+--------+-----+--------+

Top non-repeatable levels by time:
  Bailey: 1401 daAuts
     D:6: 1279 daAuts
     D:4: 1187 daAuts
     D:7: 1105 daAuts
     D:2: 1080 daAuts
     D:5: 997 daAuts
     D:9: 989 daAuts
     D:3: 850 daAuts
    D:10: 829 daAuts
     D:1: 718 daAuts
    D:11: 714 daAuts
     D:8: 517 daAuts
